cohdb
Replays
Latest Replays
All Replays
Popular Replays
Top Player Replays
Match Explorer
How It Works
Community
CoH3 Stats
Reddit
Sign in to upload your games and track your stats! →
Sign in with Steam
Match 37985735
Unlisted
Match 37985735
Overview
Messages
Build Orders
End
Selects Armored Battlegroup
Selects Assault Engineers
Assault Engineer Squad
Construct Weapon Support Center
M1919 Machine Gun Team
Assault Engineer Squad
Mechanized Support Center
M1919 Machine Gun Team
Selects Fast Deploy
M16 Multiple Gun Motor Carriage
Mortar Pit
Bazooka Squad
Construct Tank Depot
Selects M31 Recovery Vehicle
M4A1 Sherman Medium Tank
.30 cal Machine Gun
M4(105) Sherman Bulldozer
Improvised Armor
Mortar Pit
Assault Engineer Squad
Selects War Machine
M4(105) Sherman Bulldozer
InfoWars.com
Bego
vonMises
Mael Radec
0
0
Comments
sign in to comment!
No comments posted yet!